 Dungeon Crawl Stone Soup version 0.22-a0-265-g0d8bc9073c (webtiles) character file.

2403934 MummyMadness the Slayer (level 26, 246/246 HPs)
             Began as a Centaur Hunter on Mar 6, 2018.
             Was the Champion of Okawaru.
             Escaped with the Orb
             ... and 4 runes on Mar 7, 2018!
             The game lasted 03:45:16 (66216 turns).

MummyMadness the Slayer (Centaur Hunter)           Turns: 66216, Time: 03:45:17

Health: 246/246    AC: 31    Str: 17    XL:     26   Next: 81%
Magic:  30/30      EV: 28    Int: 13    God:    Okawaru [******]
Gold:   6302       SH:  3    Dex: 28    Spells: 2/35 levels left

rFire    + . .     SeeInvis .   a - +9 longbow (velocity)
rCold    + . .     Gourm    .   (shield currently unavailable)
rNeg     + + .     Faith    .   s - +2 robe of Vines {NoPotionHeal Regen+7}
rPois    .         Spirit   .   M - +2 hat {Int+3}
rElec    +         Reflect  +   p - +2 cloak {+Inv}
rCorr    .         Harm     .   C - +2 pair of gloves {Dex+3}
MR       +....                  G - +6 centaur barding of the Hidden Vale {rElec}
Stlth    +.........             L - amulet of Saiduh {Reflect rN+ Dex+2 SH+3}
HPRegen  3.31/turn              q - ring "Fiew" {rF+ Dex+3}
MPRegen  0.22/turn              z - ring "Cayk" {rC+ rN+ Slay+3}

@: deflect missiles, very quick
A: large, antennae 1, fangs 1, hooves 3, repulsion field 1, slimy green scales
1, thin skeletal structure 1, camouflage 1, deformed body, speed 2, screaming 1,
tough skin 3, weak 1, wild magic 1
0: Orb of Zot
}: 4/15 runes: decaying, silver, abyssal, gossamer
a: Heroism, Finesse, Renounce Religion, Evoke Invisibility


You escaped.
You worshipped Okawaru.
Okawaru was exalted by your worship.
You were very full.

You visited 9 branches of the dungeon, and saw 47 of its levels.
You visited the Abyss 2 times.
You visited 1 bazaar.

You collected 8693 gold pieces.
You spent 2391 gold pieces at shops.


Innate Abilities, Weirdness & Mutations

You have hooves in place of feet.
Armour fits poorly on your strangely shaped body.
You cover ground very quickly.
You have extremely tough skin. (AC +3)
You have a pair of small antennae on your head.
You have very sharp teeth.
You are surrounded by a mild repulsion field. (EV +2)
You are partially covered in slimy green scales. (AC +2)
You have a somewhat thin skeletal structure. (Dex +2, Stealth)
Your skin changes colour to match your surroundings (Stealth+).
You occasionally shout uncontrollably at your foes.
You are weak. (Str -2)
Your spells are a little harder to cast, but a little more powerful.


   Skills:
 - Level 22.0 Fighting
 - Level 20.0 Bows
 * Level 14.1 Armour
 - Level 18.0 Dodging
 - Level 0.4 Stealth
 - Level 5.1 Spellcasting
 - Level 5.0 Hexes
 - Level 13.4 Charms
 - Level 12.1 Necromancy
 - Level 5.0 Translocations
 - Level 8.0 Ice Magic
 - Level 9.7 Air Magic
 - Level 12.1 Earth Magic
 - Level 8.3 Invocations
 - Level 8.0 Evocations


You had 2 spell levels left.
You knew the following spells:

 Your Spells              Type           Power        Failure   Level  Hunger
d - Animate Dead          Necr           N/A          2%          4    ####...
e - Regeneration          Chrm/Necr      #####.....   1%          3    ###....
n - Dispel Undead         Necr           #####...     5%          5    ######.
o - Portal Projectile     Hex/Tloc       ###...       11%         3    ###....
r - Deflect Missiles      Chrm/Air       #####.....   32%         6    #######
u - Ozocubu's Armour      Chrm/Ice       #####...     1%          3    ###....
w - Passwall              Tmut/Erth      ###.......   4%          2    ##.....
I - Blink                 Tloc           N/A          6%          2    ##.....
X - Borgnjor's Vile Clut  Necr/Erth      #####.....   5%          5    ######.

Inventory:

Hand Weapons
 a - a +9 longbow of velocity (weapon)
 S - a +6 longbow of velocity
Missiles
 d - 623 arrows (quivered)
Armour
 p - a +2 cloak of invisibility (worn)
 s - the +2 robe of Vines (worn) {NoPotionHeal Regen+7}
   (You found it on level 4 of the Lair of Beasts)

   It increases your rate of regeneration.
 C - a +2 pair of gloves of dexterity (worn)
 E - a +2 cloak of magic resistance
 G - the +6 centaur barding of the Hidden Vale (worn) {rElec}
   (Okawaru gifted it to you on level 4 of the Vaults)

   It insulates you from electricity.
 M - a +2 hat of intelligence (worn)
 R - the +7 Kryia's mail coat {PotionHeal*2 rC+}
   (You took it off a vault warden on level 5 of the Vaults)

   It protects you from cold.
Jewellery
 q - the ring "Fiew" (left hand) {rF+ Dex+3}
   (You found it on level 3 of the Lair of Beasts)

   [ring of protection from fire]

   It affects your dexterity (+3).
   It protects you from fire.
 v - an uncursed ring of see invisible
 z - the ring "Cayk" (right hand) {rC+ rN+ Slay+3}
   (You acquired it on level 3 of the Depths)

   [ring of positive energy]

   It affects your accuracy and damage with ranged weapons and melee attacks
   (+3).
   It protects you from cold.
   It protects you from negative energy.
 L - the amulet of Saiduh (around neck) {Reflect rN+ Dex+2 SH+3}
   (You acquired it on level 5 of the Vaults)

   [amulet of reflection]

   It shields you and reflects attacks.
   It affects your dexterity (+2).
   It protects you from negative energy.
   It affects your SH (+3).
Wands
 x - a wand of digging (37)
 J - a wand of acid (13)
 P - a wand of scattershot (12)
 V - a wand of clouds (9)
 Z - a wand of enslavement (13)
Scrolls
 b - 7 scrolls of enchant armour
 g - 5 scrolls of fog
 i - 18 scrolls of remove curse {@r2}
 m - 11 scrolls of teleportation {@r4}
 t - 8 scrolls of identify {@r1}
 u - 10 scrolls of magic mapping
 A - a scroll of summoning
 D - 2 scrolls of silence {!r}
 I - 4 scrolls of enchant weapon
 K - 7 scrolls of vulnerability {!r}
 O - a scroll of holy word
 Q - 9 scrolls of blinking
 U - 4 scrolls of immolation {!r}
 Y - 2 scrolls of fear
Potions
 c - a potion of flight
 e - 4 potions of cancellation
 h - 4 potions of agility
 j - 8 potions of magic
 n - a potion of berserk rage {!q}
 o - 7 potions of invisibility
 w - 17 potions of heal wounds {@q2}
 y - 6 potions of ambrosia
 B - 13 potions of curing {@q1}
 F - 8 potions of might
 H - 2 potions of mutation {!q}
 T - 4 potions of haste {@q3}
 X - a potion of resistance
Miscellaneous
 l - 4 sacks of spiders
 r - 4 phantom mirrors
 W - a lightning rod (4/4)
Comestibles
 f - 85 rations

Dungeon Overview and Level Annotations

Branches:
Dungeon (15/15)            Temple (1/1) D:4            Lair (6/6) D:10
  Swamp (4/4) Lair:4       Spider (4/4) Lair:2        Slime (0/5) Lair:5
    Orc (2/2) D:10            Elf (0/3) Orc:2        Vaults (5/5) D:14
  Crypt (0/3) Vaults:2     Depths (5/5) D:15            Zot (5/5) Depths:5

Altars:
Ashenzari
Cheibriados
Dithmenos
Elyvilon
Fedhas
Gozag
Hepliaklqana
Kikubaaqudgha
Makhleb
Nemelex Xobeh
Okawaru
Qazlal
Ru
Sif Muna
Trog
Uskayaw
Vehumet
Wu Jian
Xom
Yredelemnul
Zin
The Shining One
Beogh

Shops:
D:4 *   D:5 ?   D:7 (   D:9 [   D:10 %[   Orc:2 (*}([   Vaults:1 (
Vaults:3 (![}   Vaults:4 (   Depths:5 }}=

Portals:
Hell: Depths:1 Depths:2 Depths:3 Depths:4 Depths:5
Abyss: Depths:2 Depths:4
Pandemonium: Depths:3
Ziggurat: Depths:5

Annotations:
D:9 Erolcha; highc0's ghost, novice MiBe
Lair:3 Rupert
Spider:2 Louise
Depths:2 exclusion: door

#.#........#.....# #.#
#.#.#............######.#
#..........####'#.......#
###.######.# #.#########
#........# #.# ##########
#.# ##### ##.##
#######...#####...#######
..........+.....@.....'.#
.######..###.........##.#
.# ####...###.......###.#
.# #......# ##.....## #.#
.# #.##..## ##...##
#.#### .# #.##..# ##.##
#....# .###.##..#########
####.# .................#
#.# ####.##########.##
#.#####


There were no monsters in sight!


Message History

Okay, then.
Unknown command.
You sense a monster nearby.
A smoke demon comes into view.
The smoke demon roars!
Firing (i - inventory)
d - 623 arrows (quivered)
Press: ? - help, Shift-Dir - straight line, f - smoke demon
Aim: a smoke demon You shoot an arrow.
The arrow hits the smoke demon!
The smoke demon is moderately wounded.
Firing (i - inventory)
d - 622 arrows (quivered)
Press: ? - help, Shift-Dir - straight line, f/p - smoke demon
Aim: a smoke demon (moderately wounded)
You shoot an arrow. The arrow hits the smoke demon!
The smoke demon is severely wounded.
The smoke demon gestures at you. You deflect the ball of steam!
Firing (i - inventory)
d - 621 arrows (quivered)
Press: ? - help, Shift-Dir - straight line, f/p - smoke demon
Aim: a smoke demon (severely wounded)
You shoot an arrow. The arrow hits the smoke demon!!
You kill the smoke demon!
Okawaru accepts your kill.
No target in view!
No target in view!
d - 622 arrows (gained 2)
d - 623 arrows (gained 1)
There is an open door, spattered with blood here.
There is a staircase leading out of the dungeon here.
You have escaped!

Skill      XL: |  1  2  3  4  5  6  7  8  9 10 11 12 13 14 15 16 17 18 19 20 21 22 23 24 25 26 |
---------------+-------------------------------------------------------------------------------+-----
Bows           | 6 7 8 10 11 13 14 18 20 | 20.0
Fighting       | 3 4 6 7 9 12 14 17 18 22 | 22.0
Dodging        | 2 5 6 8 10 13 14 17 18 | 18.0
Armour         | 2 3 5 8 9 11 14 | 14.1
Invocations    | 5 8 |  8.3
Hexes          | 5 |  5.0
Translocations | 5 |  5.0
Necromancy     | 6 10 12 | 12.1
Earth Magic    | 6 10 12 | 12.1
Spellcasting   | 1 3 5 |  5.1
Charms         | 6 10 13 | 13.4
Ice Magic      | 2 8 |  8.0
Evocations     | 7 8 |  8.0
Air Magic      | 4 9 |  9.7
Stealth        | |  0.4

Action                   |  1- 3 |  4- 6 |  7- 9 | 10-12 | 13-15 | 16-18 | 19-21 | 22-24 | 25-27 || total
-------------------------+-------+-------+-------+-------+-------+-------+-------+-------+-------++-------
Melee: Short sword       |    67 |    23 |   106 |       |       |       |       |       |       ||   196
       Kick              |    14 |     1 |    33 |    83 |     9 |     2 |       |       |       ||   142
       Halberd           |       |       |    25 |   388 |    29 |       |       |       |       ||   442
       Longbow           |       |       |       |       |       |     2 |       |       |       ||     2
 Fire: Shortbow          |    35 |    85 |   255 |   807 |       |       |       |       |       ||  1182
       Hunting sling     |    23 |   153 |       |       |       |       |       |       |       ||   176
       Longbow           |       |       |       |     7 |  1483 |  1596 |  1889 |  1796 |  1036 ||  7807
Throw: Stone             |    34 |     3 |    83 |   201 |       |       |       |       |       ||   321
 Cast: Portal Projectile |       |       |       |       |       |     1 |     5 |     9 |     9 ||    24
       Animate Dead      |       |       |       |       |       |       |    10 |    10 |       ||    20
       Borgnjor's Vile C |       |       |       |       |       |       |    29 |    26 |     7 ||    62
       Ozocubu's Armour  |       |       |       |       |       |       |    14 |    38 |    18 ||    70
       Regeneration      |       |       |       |       |       |       |     2 |       |     1 ||     3
       Dispel Undead     |       |       |       |       |       |       |       |     7 |     6 ||    13
       Deflect Missiles  |       |       |       |       |       |       |       |       |     3 ||     3
Invok: Heroism           |       |       |       |     4 |     1 |     5 |     2 |     3 |     7 ||    22
       Finesse           |       |       |       |       |     1 |     4 |       |       |     5 ||    10
 Abil: Evoke Invisibilit |       |       |       |       |       |       |       |       |     3 ||     3
Evoke: Wand              |       |       |       |     5 |     6 |       |     1 |       |       ||    12
       Sack of spiders   |       |       |       |       |     2 |       |       |       |       ||     2
  Use: Scroll            |     1 |     3 |    10 |    15 |    17 |     9 |     7 |    20 |     5 ||    87
       Potion            |       |       |     2 |     4 |     1 |     2 |     2 |       |     6 ||    17
  Eat: Chunk             |     1 |     7 |     8 |    25 |    26 |    23 |    28 |    29 |    15 ||   162
       Ration            |       |       |     1 |     2 |       |       |     2 |     4 |     5 ||    14
Armor: Leather armour    |    26 |    45 |       |       |       |       |       |       |       ||    71
       Chain mail        |       |    44 |    40 |       |       |       |       |       |       ||    84
       Scale mail        |       |       |    76 |   387 |     5 |       |       |       |       ||   468
       Robe              |       |       |       |       |   186 |   175 |   263 |   222 |   140 ||   986
Dodge: Dodged            |    49 |    68 |    74 |   290 |   247 |   332 |   663 |   597 |   325 ||  2645
       Deflected         |       |       |       |       |       |       |       |       |     9 ||     9
Block: Other             |       |       |       |       |       |       |       |    13 |    41 ||    54

Vault maps used:
D:1:      mrwooster_arrival_arrow
D:2:      serial_undead, serial_undead_a, serial_undead_f, serial_undead_f,
          serial_undead_c, serial_undead_d, serial_undead_d, serial_undead_f,
          first_ration
D:3:      nemelex_lonely_heart_becter
D:4:      minmay_temple_entry_from_below_a, serial_shops, shop_fountains
D:5:      nicolae_overflow_crystal_walls, gup_ossuary_entry_pyramid,
          serial_shops, shop_coins, uniq_duvessa
D:6:      basic_altar
D:7:      serial_shops, shop_statue, kennysheep_boxes, uniq_menkaure
D:9:      hangedman_cross_stitches, serial_shops, kennysheep_mini_moat,
          uniq_erolcha
D:10:     david_lair_shrubbed, hiddenorc1_lemuel, serial_gnoll_camp,
          grums_kennel, gnoll_camp_medium_02, gnoll_camp_mini_hut,
          gnoll_camp_mini_loothouse, serial_shops, shop,
          nicolae_shop_behind_doors
D:11:     uniq_sonja
D:14:     grunt_vaults_entry_tiered, grunt_livestock
D:15:     grunt_enter_depths_snipers
Temple:   kilobyte_greek_temple
Lair:2:   nicolae_spider_entry_orb_guardian, basic_altar
Lair:3:   zaba_antful_of_joy, uniq_rupert
Lair:4:   minmay_swamp_entry_worms, pf_torpor_hydra
Lair:5:   minmay_slime_entry_eyes, minmay_holes
Lair:6:   minmay_lair_end_enchanted_forest, serial_bayou_shore_a
Swamp:1:  evilmike_swamp_ruin_house_5
Swamp:2:  evilmike_swamp_ruin_house_2, grunt_lady_of_the_lake,
          infiniplex_staircase_pool, uniq_aizul
Swamp:3:  nicolae_swamp_round_clearing, swamp_pool3, uniq_mara
Swamp:4:  swamp_vile
Spider:1: guppyfry_hornet_nest, uniq_donald
Spider:2: spider_trap, nicolae_spider_cling_halls, uniq_louise, uniq_jorgrun
Spider:3: uniq_arachne
Spider:4: spider_rune_water, hangedman_spider_tarantella_strand
Orc:2:    st_orc_town, serial_shops, nicolae_shop_overgrown_old_shop,
          basic_altar
Vaults:1: v_misc_25, grunt_vaults_diagonal, nicolae_vaults_big_ls,
          hangedman_vaults_stitches, vaults_dpeg_encased_lava, v_misc_15,
          v_rooms_6, nicolae_vaults_alarming, ontoclasm_vaults_chip,
          grunt_vaults_twisty, v_misc_13, ontoclasm_vaults_fault, serial_shops,
          nicolae_shop_temple_entry_statues_fountains
Vaults:2: v_misc_10, v_misc_28, nicolae_vaults_network_periphery,
          nicolae_vaults_theta, vaults_room_large_hall,
          minmay_crypt_entry_simple_box, vaults_room_stairs_pillars,
          uniq_saint_roka
Vaults:3: grunt_vaults_bifocal, v_misc_33, vaults_standard_mumra_x,
          dpeg_vaults_monster_box, vaults_mumra_hexcomb,
          ontoclasm_vaults_loading_screen, serial_shops,
          nicolae_shop_waterfront, shop_statue, shop_fountains, shop
Vaults:4: nicolae_vaults_big_angled_halls, nicolae_vaults_theta,
          vaults_mumra_hex, nicolae_vaults_what_the_h, v_alt_pattern_3,
          nicolae_vaults_rhombus_6, v_pattern_2, v_rooms_3,
          vaults_mumra_chevron_long, vaults_room_semicircle, serial_shops, shop
Vaults:5: serial_shops
Depths:1: hell_entry, nemelex_diamond_rough_becter
Depths:2: minmay_octo_star, hangedman_geh_valley, lemuel_round_altar,
          abyss_entry, minmay_misc_feat_columns, laboratory, uniq_bai_suzhen
Depths:3: angbandy_vault, pan_entry, hell_entry,
          hangedman_abyss_or_decor_stagger, kennysheep_dice
Depths:4: kennysheep_windowed_halls, serial_aquarium, aquarium_bridge_square,
          aquarium_bridge_square, aquarium_window_1, aquarium_window_1,
          aquarium_window_corridor_1, aquarium_view_2d, aquarium_view_2c,
          aquarium_pool_split, abyss_entry, hell_entry, hangedman_decor_growths,
          serial_sigils_hangedman_scar, nrook_mini_backslash
Depths:5: evilmike_zot_entry_gauntlet, enter_ziggurat_e, hell_entry,
          lemuel_round_altar, serial_shops, bzr_entry_safe, grunt_megastairs_2,
          minmay_shop_grove, serial_bayou_shore_b, uniq_boris
Zot:2:    nicolae_lava_and_water
Zot:3:    st_small_dragon_hoard_2
Zot:5:    grunt_ministairs_7
Abyss:3:  doesnt_abyss_rune_brain_food
Abyss:5:  evilmike_abyss_exit_glass, guppyfry_abyss_exit_imp_island,
          gammafunk_abyss_exit_x_factor, evilmike_abyss_exit_plants
Bazaar:   bazaar_jpeg_circle_common

Notes
Turn   | Place    | Note
-------+----------+-------------------------------------------
     0 | D:1      | MummyMadness the Centaur Hunter began the quest for the Orb.
     0 | D:1      | Reached XP level 1. HP: 17/17 MP: 1/1
   199 | D:1      | Reached XP level 2. HP: 24/24 MP: 2/2
   207 | D:1      | Reached skill level 6 in Bows
   984 | D:2      | Reached XP level 3. HP: 27/29 MP: 3/3
  1364 | D:2      | Reached skill level 7 in Bows
  1643 | D:2      | Reached XP level 4. HP: 32/36 MP: 4/4
  2405 | D:2      | Reached skill level 8 in Bows
  2813 | D:3      | Found a sparkling altar of Nemelex Xobeh.
  2826 | D:3      | Reached XP level 5. HP: 42/42 MP: 5/5
  3205 | D:4      | Found Kamma's Assorted Antiques.
  3226 | D:4      | Noticed an ogre
  3239 | D:4      | Killed an ogre
  3239 | D:4      | Reached skill level 3 in Fighting
  3239 | D:4      | Reached skill level 2 in Dodging
  3494 | D:4      | Reached XP level 6. HP: 51/51 MP: 6/6
  3633 | D:4      | Noticed an ice beast
  3649 | D:4      | Killed an ice beast
  3649 | D:4      | Reached skill level 4 in Fighting
  3649 | D:4      | Reached skill level 1 in Armour
  3782 | D:4      | Reached skill level 2 in Armour
  4030 | D:4      | Found a staircase to the Ecumenical Temple.
  4095 | D:4      | Bought a grey potion for 20 gold pieces
  4095 | D:4      | Bought a scroll labeled WIKEOM BA XAB for 23 gold pieces
  4095 | D:4      | Bought a sedimented pink potion for 20 gold pieces
  4145 | D:5      | Entered Level 5 of the Dungeon
  4174 | D:5      | Noticed Duvessa
  4174 | D:5      | Noticed Dowan
  4197 | D:5      | Killed Dowan
  4197 | D:5      | Reached XP level 7. HP: 50/59 MP: 7/7
  4209 | D:5      | HP: 4/59 [Duvessa/short sword (6)]
  4210 | D:5      | HP: 1/59 [Duvessa/short sword (11)]
  4497 | D:5      | Found Yzxoticy's Magic Scroll Shoppe.
  4861 | D:4      | Killed Duvessa
  4861 | D:4      | Reached skill level 3 in Armour
  4943 | Temple   | Entered the Ecumenical Temple
  4984 | Temple   | Became a worshipper of Warmaster Okawaru
  5287 | D:5      | Found a blossoming altar of Fedhas.
  5724 | D:5      | Bought a scroll of identify for 24 gold pieces
  5724 | D:5      | Bought a scroll of identify for 24 gold pieces
  5724 | D:5      | Bought a scroll of magic mapping for 42 gold pieces
  6021 | D:4      | Bought a shiny scale mail for 161 gold pieces
  6190 | D:6      | Noticed a two-headed ogre
  6265 | D:6      | Killed a two-headed ogre
  6265 | D:6      | Reached * piety under Okawaru
  6265 | D:6      | Reached ** piety under Okawaru
  6265 | D:6      | Reached skill level 6 in Fighting
  6265 | D:6      | Reached skill level 10 in Bows
  6265 | D:6      | Reached XP level 8. HP: 71/71 MP: 8/8
  6677 | D:5      | Reached skill level 7 in Fighting
  6799 | D:6      | Reached skill level 11 in Bows
  6813 | D:6      | Reached XP level 9. HP: 79/79 MP: 9/9
  7165 | D:6      | Reached *** piety under Okawaru
  7306 | D:6      | Found a shattered altar of Ashenzari.
  7676 | D:7      | Reached skill level 8 in Fighting
  7868 | D:7      | Reached skill level 12 in Bows
  8520 | D:7      | Found Atutz's Antique Weapon Shoppe.
  8606 | D:7      | Noticed a two-headed ogre
  8618 | D:7      | Killed a two-headed ogre
  8618 | D:7      | Reached **** piety under Okawaru
  8618 | D:7      | Reached skill level 9 in Fighting
  8634 | D:7      | Noticed Menkaure
  8645 | D:7      | Killed Menkaure
  8645 | D:7      | Reached skill level 13 in Bows
  8918 | D:7      | Reached XP level 10. HP: 79/91 MP: 10/10
  9575 | D:8      | Reached ***** piety under Okawaru
 10137 | D:8      | Reached skill level 10 in Fighting
 10322 | D:9      | Noticed Erolcha
 11176 | D:9      | Reached skill level 14 in Bows
 11192 | D:9      | Found Huniuci's Armour Shoppe.
 11571 | D:9      | Noticed a deep elf mage
 11579 | D:9      | Killed a deep elf mage
 11787 | D:9      | Noticed highc0's ghost (novice MiBe)
 11851 | D:9      | Reached skill level 11 in Fighting
 12623 | D:10     | Entered Level 10 of the Dungeon
 12638 | D:10     | Received a gift from Okawaru
 13232 | D:10     | Reached skill level 12 in Fighting
 13592 | D:10     | Reached XP level 11. HP: 71/104 MP: 11/11
 13759 | D:10     | Found Oriymusi's Armour Emporium.
 13975 | D:10     | Noticed Grum
 13986 | D:10     | Killed Grum
 13986 | D:10     | Reached skill level 3 in Dodging
 14282 | D:10     | Found a staircase to the Lair.
 14464 | D:10     | Found a staircase to the Orcish Mines.
 14572 | D:10     | Reached skill level 4 in Armour
 15062 | D:10     | Found Fili Moe's Food Shoppe.
 15085 | D:10     | Reached skill level 4 in Dodging
 15379 | Lair:1   | Entered Level 1 of the Lair of Beasts
 15449 | Lair:1   | Noticed a seven-headed hydra
 15567 | D:10     | Killed a seven-headed hydra
 15567 | D:10     | Reached skill level 5 in Armour
 15916 | Lair:1   | Noticed a five-headed hydra
 15927 | Lair:1   | Killed a five-headed hydra
 15927 | Lair:1   | Reached skill level 5 in Dodging
 16218 | Lair:1   | Reached skill level 1 in Invocations
 16258 | Lair:1   | Received a gift from Okawaru
 16258 | Lair:1   | Reached skill level 2 in Invocations
 16287 | Lair:1   | Noticed NihilVerum's ghost (novice OpAs)
 16348 | Lair:1   | Killed NihilVerum's ghost
 16348 | Lair:1   | Reached skill level 3 in Invocations
 16409 | Lair:1   | Reached skill level 4 in Invocations
 16507 | Lair:1   | Received a gift from Okawaru
 16541 | Lair:1   | Noticed a six-headed hydra
 16583 | Lair:1   | Killed a six-headed hydra
 16583 | Lair:1   | Reached skill level 5 in Invocations
 16583 | Lair:1   | Reached XP level 12. HP: 112/112 MP: 15/15
 16633 | Lair:1   | Received a gift from Okawaru
 16971 | Lair:2   | Found an ornate altar of the Wu Jian Council.
 17320 | Lair:2   | Found a hole to the Spider Nest.
 17330 | Lair:2   | Reached ****** piety under Okawaru
 17330 | Lair:2   | Received a gift from Okawaru
 17330 | Lair:2   | Reached skill level 6 in Invocations
 17552 | Lair:3   | Reached skill level 7 in Invocations
 17594 | Lair:3   | Got a translucent silver ring
 17596 | Lair:3   | Identified the ring "Fiew" {rF+ Dex+3} (You found it on level 3 of the Lair of Beasts)
 17691 | Lair:3   | Noticed an eight-headed hydra
 17719 | Lair:3   | Killed an eight-headed hydra
 17832 | Lair:3   | Noticed a seven-headed hydra
 17847 | Lair:3   | Killed a seven-headed hydra
 17847 | Lair:3   | Reached skill level 8 in Invocations
 18025 | Lair:3   | Noticed Rupert
 18054 | Lair:4   | Noticed highc0's ghost (journeyman MiBe)
 18562 | Lair:3   | Got a tattered robe
 18691 | Lair:4   | Killed highc0's ghost
 18783 | Lair:4   | Reached skill level 13 in Fighting
 18858 | Lair:4   | Noticed a death yak
 19104 | Lair:4   | Found a staircase to the Swamp.
 19107 | Lair:4   | Noticed a death yak
 19121 | Lair:4   | Noticed a death yak
 19122 | Lair:4   | Noticed a death yak
 19123 | Lair:4   | Noticed a death yak
 19123 | Lair:4   | Killed a death yak
 19123 | Lair:4   | Received a gift from Okawaru
 19138 | Lair:4   | Noticed a death yak
 19141 | Lair:4   | Killed a death yak
 19215 | Lair:4   | Killed a death yak
 19284 | Lair:4   | Killed a death yak
 19325 | Lair:4   | Killed a death yak
 19325 | Lair:4   | Reached skill level 14 in Fighting
 19351 | Lair:4   | Killed a death yak
 19351 | Lair:4   | Reached skill level 6 in Dodging
 19792 | Lair:4   | Found the +2 robe of Vines {NoPotionHeal Regen+7}
 19800 | Lair:4   | Reached XP level 13. HP: 122/124 MP: 19/19
 19827 | Lair:4   | Received a gift from Okawaru
 20301 | Lair:4   | Found a runed door.
 20483 | Lair:4   | Reached skill level 15 in Bows
 20552 | Lair:5   | Received a gift from Okawaru
 20648 | Lair:5   | You fall through a shaft!
 20648 | Lair:6   | Entered Level 6 of the Lair of Beasts
 20739 | Lair:6   | Reached skill level 16 in Bows
 20808 | Lair:5   | Identified the +3 robe "Paasuli" {rF- Int+6} (You found it on level 3 of the Lair of Beasts)
 21103 | Lair:5   | Found a staircase to the Slime Pits.
 21336 | Lair:5   | Reached skill level 17 in Bows
 21346 | Lair:5   | Received a gift from Okawaru
 21569 | Lair:6   | Received a gift from Okawaru
 21809 | Lair:6   | Reached skill level 18 in Bows
 22156 | Lair:6   | Reached XP level 14. HP: 105/132 MP: 20/20
 22287 | Lair:6   | Reached skill level 19 in Bows
 23306 | Orc:1    | Entered Level 1 of the Orcish Mines
 23335 | D:10     | Received a gift from Okawaru
 23341 | D:10     | Got an ancient robe {god gift}
 23491 | D:5      | Bought a scroll of enchant weapon for 90 gold pieces
 23935 | Orc:2    | Entered Level 2 of the Orcish Mines
 23935 | Orc:2    | Found a staircase to the Elven Halls.
 23949 | Orc:2    | Paralysed by an orc sorcerer for 3 turns
 24102 | Orc:2    | Reached skill level 20 in Bows
 24206 | Orc:2    | Found a roughly hewn altar of Beogh.
 24306 | Orc:2    | Found Ecedudd's Antique Weapon Shop.
 24333 | Orc:2    | Found Ikij's General Store.
 24333 | Orc:2    | Found Docikhas's Gadget Emporium.
 24534 | Orc:2    | Found a roughly hewn altar of Beogh.
 24654 | Orc:2    | Found Foloof's Weapon Boutique.
 24725 | Orc:2    | Found Kietwam's Antique Armour Emporium.
 25015 | Orc:2    | Bought a scroll of teleportation for 48 gold pieces
 25015 | Orc:2    | Bought a potion of agility for 64 gold pieces
 25506 | D:11     | Reached skill level 15 in Fighting
 25677 | D:11     | Noticed Sonja
 25808 | D:11     | Killed Sonja
 25972 | D:11     | You are sucked into a shaft for 3 floors!
 26170 | D:14     | Reached skill level 16 in Fighting
 26350 | D:14     | Reached skill level 17 in Fighting
 26449 | D:14     | Received a gift from Okawaru
 26453 | D:14     | Got a scorched longbow {god gift}
 26454 | D:14     | Identified the +5 longbow of Leosuesm {velocity, Str+5 Stlth-} (Okawaru gifted it to you on level 14 of the Dungeon)
 26650 | D:14     | Found a gate to the Vaults.
 26952 | D:14     | Reached XP level 15. HP: 149/149 MP: 21/21
 26957 | D:14     | Reached skill level 18 in Fighting
 27093 | D:15     | Entered Level 15 of the Dungeon
 27147 | D:15     | Reached skill level 6 in Armour
 27422 | D:15     | Received a gift from Okawaru
 27487 | D:15     | Received a gift from Okawaru
 27565 | D:15     | Reached skill level 7 in Dodging
 27595 | D:15     | Received a gift from Okawaru
 27701 | D:15     | Found a staircase to the Depths.
 27859 | D:15     | Reached skill level 7 in Armour
 29970 | Swamp:1  | Entered Level 1 of the Swamp
 29984 | Swamp:1  | Reached skill level 8 in Dodging
 30207 | Swamp:1  | Reached skill level 8 in Armour
 30780 | Swamp:2  | Received a gift from Okawaru
 30958 | Swamp:2  | Received a gift from Okawaru
 30972 | Swamp:2  | Noticed a thorn hunter
 30980 | Swamp:2  | Killed a thorn hunter
 31045 | Swamp:2  | Noticed Aizul
 31437 | Swamp:2  | Killed Aizul
 31725 | Swamp:3  | Reached XP level 16. HP: 129/157 MP: 22/22
 31793 | Swamp:3  | Noticed Mara
 31828 | Swamp:3  | Killed Mara
 31828 | Swamp:3  | Reached skill level 9 in Armour
 31828 | Swamp:3  | Reached skill level 9 in Dodging
 32432 | Swamp:4  | Entered Level 4 of the Swamp
 32499 | Swamp:4  | Learned a level 3 spell: Portal Projectile
 32590 | Swamp:4  | Reached skill level 1 in Hexes
 32590 | Swamp:4  | Reached skill level 1 in Translocations
 32751 | Swamp:4  | Reached skill level 2 in Hexes
 32751 | Swamp:4  | Reached skill level 2 in Translocations
 32752 | Swamp:4  | Noticed the 27-headed Lernaean hydra
 32774 | Swamp:4  | Killed the 27-headed Lernaean hydra
 32774 | Swamp:4  | Received a gift from Okawaru
 32774 | Swamp:4  | Reached skill level 3 in Hexes
 32774 | Swamp:4  | Reached skill level 3 in Translocations
 32778 | Swamp:4  | Noticed a thorn hunter
 32788 | Swamp:4  | Killed a thorn hunter
 32988 | Swamp:4  | Received a gift from Okawaru
 33042 | Swamp:4  | Reached skill level 4 in Hexes
 33042 | Swamp:4  | Reached skill level 4 in Translocations
 33303 | Swamp:4  | Reached skill level 5 in Hexes
 33303 | Swamp:4  | Reached skill level 5 in Translocations
 33615 | Swamp:4  | Received a gift from Okawaru
 33676 | Swamp:4  | Reached skill level 10 in Dodging
 33835 | Swamp:4  | Got a decaying rune of Zot
 34189 | Spider:1 | Entered Level 1 of the Spider Nest
 34323 | Spider:1 | Noticed Donald
 34346 | Spider:1 | Killed Donald
 34478 | Spider:1 | Received a gift from Okawaru
 34483 | Spider:1 | Got a heavily runed ring mail {god gift}
 34496 | Spider:1 | Identified the +0 ring mail "Jouwa" {+Blink} (Okawaru gifted it to you on level 1 of the Spider Nest)
 34685 | Spider:1 | Reached XP level 17. HP: 163/163 MP: 23/23
 35672 | Spider:2 | Noticed Jorgrun
 35679 | Spider:2 | Reached skill level 11 in Dodging
 35688 | Spider:2 | Killed Jorgrun
 35722 | Spider:2 | Noticed Louise
 36591 | Spider:3 | Noticed Arachne
 36637 | Spider:3 | Killed Arachne
 36637 | Spider:3 | Reached skill level 12 in Dodging
 36676 | Spider:3 | Identified Fecwyar's Collected Works on Unholy Arts and Changing
 36780 | Spider:3 | Received a gift from Okawaru
 36788 | Spider:3 | Got a slimy shortbow {god gift}
 36789 | Spider:3 | Identified the +6 shortbow of the Coward {freeze, rF+ rN+} (Okawaru gifted it to you on level 3 of the Spider Nest)
 36970 | Spider:3 | Gained mutation: You have a pair of small antennae on your head. [potion of mutation]
 36970 | Spider:3 | Gained mutation: You are surrounded by a mild repulsion field. (EV +2) [potion of mutation]
 36970 | Spider:3 | Gained mutation: You have a pair of antennae on your head. [potion of mutation]
 36970 | Spider:3 | Gained mutation: You are robust. (+10% HP) [potion of mutation]
 36987 | Spider:4 | Entered Level 4 of the Spider Nest
 36987 | Spider:4 | Noticed WhatIsLove's ghost (adept GnFi)
 37357 | Spider:4 | Killed WhatIsLove's ghost
 37701 | Spider:4 | Reached skill level 13 in Dodging
 37708 | Spider:4 | Received a gift from Okawaru
 38683 | Spider:4 | Paralysed by a hornet for 1 turns
 38755 | Spider:4 | Reached XP level 18. HP: 189/189 MP: 19/24
 38793 | Spider:4 | Got a gossamer rune of Zot
 38804 | Spider:4 | Learned a level 5 spell: Borgnjor's Vile Clutch
 39092 | Vaults:1 | Entered Level 1 of the Vaults
 39203 | Vaults:1 | Reached skill level 1 in Necromancy
 39203 | Vaults:1 | Reached skill level 1 in Earth Magic
 39392 | Vaults:1 | Reached skill level 2 in Necromancy
 39392 | Vaults:1 | Reached skill level 2 in Earth Magic
 39484 | Vaults:1 | Received a gift from Okawaru
 39631 | Vaults:1 | Found Osaistreacw's Weapon Emporium.
 39712 | Vaults:1 | Reached skill level 14 in Dodging
 39762 | Vaults:1 | Reached skill level 3 in Necromancy
 39771 | Vaults:1 | Reached skill level 3 in Earth Magic
 40378 | Vaults:1 | Reached skill level 4 in Earth Magic
 40443 | Vaults:1 | Reached skill level 4 in Necromancy
 40851 | Vaults:2 | Reached skill level 5 in Necromancy
 40867 | Vaults:2 | Noticed Saint Roka
 40881 | Vaults:2 | Reached skill level 5 in Earth Magic
 40930 | Vaults:1 | Killed Saint Roka
 41169 | Vaults:2 | Received a gift from Okawaru
 41250 | Vaults:2 | Received a gift from Okawaru
 41357 | Vaults:2 | Reached skill level 6 in Necromancy
 41359 | Vaults:2 | Reached skill level 6 in Earth Magic
 41482 | Vaults:2 | Found a staircase to the Crypt.
 41749 | Vaults:2 | You are cast into the Abyss!
 41749 | Vaults:2 | Cast into level 3 of the Abyss (a Zot trap)
 41755 | Abyss:3  | Found a corrupted altar of Lugonu.
 41804 | Abyss:3  | Reached skill level 1 in Spellcasting
 41810 | Abyss:3  | Gained mutation: Scrolls take you a little longer to read. [a neqoxec]
 41832 | Abyss:3  | Received a gift from Okawaru
 41843 | Abyss:3  | Reached XP level 19. HP: 168/196 MP: 17/25
 41854 | Abyss:3  | Reached skill level 2 in Spellcasting
 41924 | Abyss:3  | Got an abyssal rune of Zot
 41953 | Vaults:2 | You pass through the gate.
 41953 | Vaults:2 | Escaped the Abyss
 41954 | Vaults:2 | Lost mutation: Scrolls take you a little longer to read. [potion of mutation]
 41954 | Vaults:2 | Lost mutation: You are robust. (+10% HP) [potion of mutation]
 41954 | Vaults:2 | Lost mutation: You have a pair of antennae on your head. [potion of mutation]
 41954 | Vaults:2 | Gained mutation: You have a somewhat thin skeletal structure. (Dex +2, Stealth) [potion of mutation]
 41954 | Vaults:2 | Gained mutation: You are partially covered in slimy green scales. (AC +2) [potion of mutation]
 41954 | Vaults:2 | Gained mutation: You have very sharp teeth. [potion of mutation]
 41958 | Vaults:2 | Learned a level 2 spell: Passwall
 41994 | Vaults:2 | Received a gift from Okawaru
 42262 | Vaults:3 | Reached skill level 3 in Spellcasting
 42274 | Vaults:3 | Received a gift from Okawaru
 42352 | Vaults:2 | Reached skill level 7 in Necromancy
 42352 | Vaults:2 | Reached skill level 7 in Earth Magic
 42367 | Vaults:2 | Learned a level 4 spell: Animate Dead
 42371 | Vaults:2 | Learned a level 3 spell: Regeneration
 42444 | Vaults:3 | Received a gift from Okawaru
 42562 | Vaults:3 | Found Poigg's Weapon Shoppe.
 42758 | Vaults:3 | Paralysed by an orc sorcerer for 5 turns
 42771 | Vaults:3 | Reached skill level 8 in Necromancy
 42771 | Vaults:3 | Reached skill level 8 in Earth Magic
 43172 | Vaults:3 | Found Bonis's Weapon Emporium.
 43258 | Vaults:3 | Found Luesokh's Distillery.
 43264 | Vaults:3 | Found Kakloegh's Antique Armour Shoppe.
 43394 | Vaults:3 | Reached skill level 9 in Necromancy
 43400 | Vaults:3 | Reached skill level 9 in Earth Magic
 44023 | Vaults:3 | Found Goilegex's Gadget Emporium.
 44363 | Vaults:3 | Bought a potion of haste for 200 gold pieces
 44363 | Vaults:3 | Bought a potion of resistance for 200 gold pieces
 44374 | Vaults:4 | Received a gift from Okawaru
 44393 | Vaults:3 | Reached skill level 10 in Necromancy
 44393 | Vaults:3 | Reached skill level 10 in Earth Magic
 44625 | Vaults:4 | Reached XP level 20. HP: 182/187 MP: 26/26
 44874 | Vaults:4 | Reached skill level 11 in Necromancy
 44879 | Vaults:4 | Reached skill level 11 in Earth Magic
 45453 | Vaults:4 | Received a gift from Okawaru
 45837 | Vaults:4 | Found Kawk's Antique Weapon Shoppe.
 46010 | Vaults:4 | Received a gift from Okawaru
 46014 | Vaults:4 | Got a jewelled centaur barding {god gift}
 46033 | Vaults:4 | Identified the +6 centaur barding of the Hidden Vale {rElec} (Okawaru gifted it to you on level 4 of the Vaults)
 46287 | Vaults:5 | Entered Level 5 of the Vaults
 46376 | Vaults:4 | Reached skill level 12 in Necromancy
 46376 | Vaults:4 | Reached skill level 12 in Earth Magic
 46705 | Depths:1 | Entered Level 1 of the Depths
 46716 | Depths:1 | Found a gateway to Hell.
 46732 | Depths:1 | Learned a level 3 spell: Ozocubu's Armour
 46738 | Depths:1 | Reached skill level 1 in Charms
 46756 | Depths:1 | Reached skill level 2 in Charms
 46839 | Depths:1 | Reached skill level 3 in Charms
 46870 | Depths:1 | Reached skill level 4 in Charms
 47018 | Depths:1 | Reached skill level 5 in Charms
 47158 | Depths:1 | Upgraded the game from 0.22-a0-263-gab157eebec to 0.22-a0-265-g0d8bc9073c
 47417 | Depths:1 | Reached skill level 1 in Ice Magic
 47470 | Depths:1 | Reached skill level 6 in Charms
 47612 | Depths:1 | Found a sparkling altar of Nemelex Xobeh.
 47990 | Depths:2 | Reached skill level 2 in Ice Magic
 48008 | Depths:2 | Reached XP level 21. HP: 194/194 MP: 27/27
 48033 | Depths:2 | Received a gift from Okawaru
 48154 | Depths:2 | Paralysed by a wizard for 6 turns
 48213 | Depths:2 | Reached skill level 3 in Ice Magic
 48270 | Depths:2 | Reached skill level 7 in Charms
 48322 | Depths:2 | Reached skill level 4 in Ice Magic
 48354 | Depths:2 | Identified a scroll of acquirement
 48460 | Depths:2 | Reached skill level 5 in Ice Magic
 48559 | Depths:2 | Noticed a juggernaut
 48583 | Depths:2 | Killed a juggernaut
 48583 | Depths:2 | Reached skill level 8 in Charms
 48639 | Depths:2 | Reached skill level 6 in Ice Magic
 48650 | Depths:2 | Found a one-way gate to the infinite horrors of the Abyss.
 48947 | Depths:2 | Noticed Bai Suzhen
 48978 | Depths:2 | Killed Bai Suzhen
 48978 | Depths:2 | Reached skill level 9 in Charms
 49102 | Depths:2 | Found an ornate altar of the Wu Jian Council.
 49141 | Depths:2 | Received a gift from Okawaru
 49141 | Depths:2 | Reached skill level 7 in Ice Magic
 49144 | Depths:2 | Identified the +0 chain mail "Pevau" {rPois Regen+} (Okawaru gifted it to you on level 2 of the Depths)
 49625 | Depths:3 | Paralysed by a floating eye for 2 turns
 49899 | Depths:3 | Found a one-way gate leading to the halls of Pandemonium.
 49976 | Depths:3 | Reached skill level 8 in Ice Magic
 49980 | Depths:3 | Reached skill level 10 in Charms
 50225 | Depths:3 | Noticed a golden dragon
 50246 | Depths:3 | Reached XP level 22. HP: 176/202 MP: 11/28
 50253 | Depths:3 | Reached skill level 15 in Dodging
 50262 | Depths:3 | Killed a golden dragon
 50270 | Depths:3 | Received a gift from Okawaru
 50277 | Depths:3 | Identified a +1 crystal plate armour (Okawaru gifted it to you on level 3 of the Depths)
 50284 | Depths:3 | Got a warped brass ring
 50285 | Depths:3 | Identified the ring "Cayk" {rC+ rN+ Slay+3} (You acquired it on level 3 of the Depths)
 50500 | Depths:3 | Got a brightly glowing cloak
 50516 | Depths:3 | Identified the +2 cloak of Impermeability {rC+} (You found it on level 3 of the Depths)
 50783 | Depths:3 | Paralysed by an ogre mage for 3 turns
 51353 | Depths:3 | Reached skill level 16 in Dodging
 52225 | Depths:4 | Received a gift from Okawaru
 52659 | Depths:4 | Received a gift from Okawaru
 52752 | Depths:4 | Reached skill level 17 in Dodging
 53141 | Depths:4 | Received a gift from Okawaru
 53308 | Depths:5 | Entered Level 5 of the Depths
 53334 | Depths:5 | Reached XP level 23. HP: 209/209 MP: 29/29
 53437 | Depths:5 | Found a flickering gateway to a bazaar.
 53438 | Depths:5 | Found a gateway to a ziggurat.
 53445 | Bazaar   | Entered a bazaar
 53449 | Bazaar   | Found Jorchioxe's Jewellery Boutique.
 53467 | Bazaar   | Found Toushry's Antique Armour Emporium.
 53484 | Bazaar   | Found Uxzoekk's Book Boutique.
 53501 | Bazaar   | Found Todeolu's Antique Weapon Shoppe.
 53538 | Bazaar   | Bought a pair of glowing gloves for 202 gold pieces
 53561 | Bazaar   | Bought a glowing cloak for 202 gold pieces
 53596 | Bazaar   | Bought a book of Minor Magic for 180 gold pieces
 53599 | Bazaar   | Learned a level 2 spell: Blink
 53599 | Bazaar   | Bought a book of Death for 630 gold pieces
 53605 | Bazaar   | Learned a level 5 spell: Dispel Undead
 53811 | Depths:5 | Found Xobb's Gadget Shoppe.
 53812 | Depths:5 | Found Inoxt's Jewellery Shop.
 53813 | Depths:5 | Found Hidiy's Gadget Shoppe.
 53852 | Depths:5 | Found a shattered altar of Ashenzari.
 54393 | Depths:5 | Noticed Boris
 54409 | Depths:5 | Killed Boris
 54409 | Depths:5 | Reached skill level 4 in Spellcasting
 54709 | Depths:5 | HP: 18/209 [poison (poison gas)]
 54714 | Depths:5 | HP: 10/209 [poison (poison gas)]
 54719 | Depths:5 | HP: 6/209 [poison (poison gas)]
 54724 | Depths:5 | HP: 7/209 [poison (poison gas)]
 54729 | Depths:5 | HP: 14/209 [poison (poison gas)]
 54914 | Depths:5 | Reached skill level 5 in Spellcasting
 54916 | Depths:5 | Reached skill level 18 in Dodging
 54937 | Depths:5 | Found a gate to the Realm of Zot.
 55294 | Vaults:2 | Learned a level 5 spell: Agony
 55393 | Vaults:4 | Reached skill level 1 in Evocations
 55457 | Vaults:4 | Reached skill level 2 in Evocations
 55547 | Vaults:4 | Received a gift from Okawaru
 55547 | Vaults:4 | Reached skill level 10 in Armour
 55595 | Vaults:4 | Reached skill level 3 in Evocations
 55851 | Vaults:5 | Received a gift from Okawaru
 55904 | Vaults:5 | Reached skill level 4 in Evocations
 56013 | Vaults:5 | Reached skill level 5 in Evocations
 56159 | Vaults:5 | Got a silver rune of Zot
 56244 | Vaults:5 | Reached skill level 6 in Evocations
 56387 | Vaults:5 | Reached skill level 11 in Armour
 56620 | Vaults:5 | Reached skill level 7 in Evocations
 56666 | Vaults:5 | Reached XP level 24. HP: 143/216 MP: 29/30
 56805 | Vaults:5 | Received a gift from Okawaru
 56913 | Vaults:5 | Noticed an ancient lich
 56959 | Vaults:5 | Reached skill level 8 in Evocations
 56977 | Vaults:5 | Killed an ancient lich
 57054 | Vaults:5 | Reached skill level 12 in Armour
 57362 | Vaults:5 | Got a glittering iron amulet
 57363 | Vaults:5 | Identified the amulet of Saiduh {Reflect rN+ Dex+2 SH+3} (You acquired it on level 5 of the Vaults)
 57551 | Vaults:5 | Got a twitching turquoise ring
 57568 | Vaults:5 | Identified the ring "Bufil" {+Fly MR+} (You took it off an ironheart preserver on level 5 of the Vaults)
 57884 | Vaults:5 | Got a jewelled plate armour
 57886 | Vaults:5 | Identified the +1 plate armour of a Billion Wonders {MR+} (You took it off a vault guard on level 5 of the Vaults)
 57943 | Vaults:3 | Bought a distressingly furry scale mail for 261 gold pieces
 57944 | Vaults:3 | Identified the +2 scale mail "Gonoorri" {+Blink rN+} (You bought it in a shop on level 3 of the Vaults)
 58303 | Zot:1    | Entered Level 1 of the Realm of Zot
 58451 | Zot:1    | Reached skill level 13 in Armour
 58547 | Zot:1    | Noticed an electric golem
 58558 | Zot:1    | Killed an electric golem
 58911 | Zot:1    | Received a gift from Okawaru
 59419 | Zot:2    | Received a gift from Okawaru
 59437 | Zot:2    | Reached skill level 14 in Armour
 59576 | Zot:2    | Noticed an electric golem
 59664 | Zot:2    | Learned a level 6 spell: Deflect Missiles
 59682 | Zot:2    | Reached skill level 1 in Air Magic
 59688 | Zot:2    | Killed an electric golem
 59753 | Zot:2    | Reached skill level 2 in Air Magic
 60022 | Zot:2    | Reached skill level 3 in Air Magic
 60190 | Zot:2    | Reached skill level 4 in Air Magic
 60207 | Zot:2    | Reached XP level 25. HP: 224/224 MP: 26/30
 60322 | Zot:2    | Reached skill level 11 in Charms
 60526 | Zot:3    | Received a gift from Okawaru
 60569 | Zot:3    | Reached skill level 5 in Air Magic
 60676 | Zot:3    | Received a gift from Okawaru
 60742 | Zot:3    | Reached skill level 6 in Air Magic
 61080 | Zot:3    | You are cast into the Abyss!
 61080 | Zot:3    | Cast into level 5 of the Abyss (a Zot trap)
 61080 | Abyss:5  | Entered Level 5 of the Abyss
 61115 | Zot:3    | You pass through the gate.
 61115 | Zot:3    | Escaped the Abyss
 61152 | Zot:3    | Received a gift from Okawaru
 61634 | Zot:4    | Reached skill level 12 in Charms
 61634 | Zot:4    | Reached skill level 7 in Air Magic
 62350 | Zot:5    | Entered Level 5 of the Realm of Zot
 62407 | Zot:5    | Reached skill level 8 in Air Magic
 62431 | Zot:5    | Received a gift from Okawaru
 62444 | Zot:5    | Noticed a curse toe
 62462 | Zot:5    | Killed a curse toe
 62670 | Zot:5    | Noticed an orb of fire
 62689 | Zot:5    | Gained mutation: You are dopey. (Int -2) [an orb of fire]
 62692 | Zot:5    | Killed an orb of fire
 62793 | Zot:5    | Noticed an electric golem
 62798 | Zot:5    | Killed an electric golem
 62798 | Zot:5    | Reached skill level 13 in Charms
 62798 | Zot:5    | Reached skill level 9 in Air Magic
 62919 | Zot:5    | Noticed an ancient lich
 63003 | Zot:5    | Killed an ancient lich
 63415 | Zot:5    | Noticed an orb of fire
 63436 | Zot:5    | Gained mutation: You expend magic power (3 MP) to strengthen your wands. [an orb of fire]
 63441 | Zot:5    | Gained mutation: Your magical capacity is low. (-10% MP) [an orb of fire]
 63449 | Zot:5    | Killed an orb of fire
 63449 | Zot:5    | Received a gift from Okawaru
 63500 | Zot:5    | Noticed an electric golem
 63502 | Zot:5    | Noticed an electric golem
 63525 | Zot:5    | Killed an electric golem
 63534 | Zot:5    | Killed an electric golem
 63896 | Zot:5    | Reached XP level 26. HP: 104/234 MP: 19/27
 64011 | Zot:5    | Reached skill level 19 in Fighting
 64274 | Zot:5    | Noticed an orb of fire
 64283 | Zot:5    | Noticed an orb of fire
 64288 | Zot:5    | Killed an orb of fire
 64296 | Zot:5    | Gained mutation: You occasionally shout uncontrollably at your foes. [an orb of fire]
 64301 | Zot:5    | Killed an orb of fire
 64301 | Zot:5    | Received a gift from Okawaru
 64460 | Zot:5    | Noticed an orb of fire
 64474 | Zot:5    | Killed an orb of fire
 64474 | Zot:5    | Reached skill level 20 in Fighting
 64563 | Zot:5    | Received a gift from Okawaru
 64566 | Zot:5    | Got a slimy hat {god gift}
 64606 | Zot:5    | Identified the +1 hat "Uzxehoes" {*Drain Regen+ Int+2} (Okawaru gifted it to you on level 5 of the Realm of Zot)
 64904 | Zot:5    | Reached skill level 21 in Fighting
 65109 | Zot:5    | Noticed an orb of fire
 65262 | Zot:5    | Gained mutation: Your skin changes colour to match your surroundings (Stealth+). [an orb of fire]
 65272 | Zot:5    | Gained mutation: You are weak. (Str -2) [an orb of fire]
 65273 | Zot:5    | Killed an orb of fire
 65366 | Zot:5    | Lost mutation: You are dopey. (Int -2) [potion of mutation]
 65366 | Zot:5    | Lost mutation: Your magical capacity is low. (-10% MP) [potion of mutation]
 65366 | Zot:5    | Lost mutation: You expend magic power (3 MP) to strengthen your wands. [potion of mutation]
 65366 | Zot:5    | Gained mutation: Your spells are a little harder to cast, but a little more powerful. [potion of mutation]
 65369 | Zot:5    | Got the Orb of Zot
 66165 | D:3      | Reached skill level 22 in Fighting
 66216 | D:$      | Escaped with the Orb!

Vanquished Creatures
  6 orbs of fire (Zot:5)
  Mara (Swamp:3)
  A juggernaut (Depths:2)
  2 ancient liches
  Boris (Depths:5)
  Bai Suzhen (Depths:2)
  the Lernaean hydra (Swamp:4)
  A curse toe (Zot:5)
  Saint Roka (Vaults:1)
  4 Killer Klowns (Zot:5)
  9 golden dragons
  Arachne (Spider:3)
  Jorgrun (Spider:2)
  4 electric golems
  11 tentacled monstrosities
  3 liches
  28 Orb Guardians
  The ghost of WhatIsLove the Blocker, an adept GnFi of Cheibriados (Spider:4)
  5 titans
  9 quicksilver dragons
  11 death cobs
  An Executioner (D:3)
  4 sphinxes
  6 tengu reavers
  13 storm dragons
  Donald (Spider:1)
  8 shadow dragons
  2 thorn hunters
  2 draconian monks
  5 draconian knights
  17 fire giants
  11 vault wardens
  3 iron dragons
  5 ghost moths
  3 emperor scorpions
  12 draconian scorchers
  17 frost giants
  2 deep elf sorcerers
  A deep elf elementalist (Vaults:5)
  A draconian shifter (Zot:5)
  A ghoul (Vaults:1)
  18 ironheart preservers
  A black sun (Depths:5)
  8 draconian annihilators
  4 draconian stormcallers
  3 entropy weavers
  18 very ugly things
  21 stone giants
  A war gargoyle (Vaults:5)
  3 vampire knights
  3 starcursed masses (Abyss:3)
  The ghost of highc0 the Bludgeoner, a journeyman MiBe of Trog (Lair:4)
  5 black draconians
  12 green draconians
  A lorocyproca (Depths:5)
  7 red draconians
  3 deep elf demonologists
  2 pale draconians (Depths:5)
  10 purple draconians
  6 yellow draconians
  3 deep elf annihilators
  10 white draconians
  6 spark wasps
  16 ettins
  2 green deaths (Swamp:4)
  2 deep elf death magi
  2 jiangshi (Depths:2)
  A crystal guardian (Vaults:3)
  2 merfolk impalers (Depths:3)
  3 deep elf high priests
  28 yaktaur captains
  12 great orbs of eyes
  15 hydras
  8 rakshasas
  20 ice dragons
  7 fire dragons
  2 ghost crabs (Swamp:2)
  33 vault guards
  3 spriggan air magi
  9 centaur warriors
  2 monstrous demonspawn
  15 alligators
  34 two-headed ogres
  3 dancing weapons (Vaults:5)
  11 ogre magi
  10 deep troll shamans
  6 death knights
  6 death yaks (Lair:4)
  A queen ant (Lair:3)
  11 tengu warriors
  2 vampire magi
  3 spriggan berserkers
  A soul eater (Depths:5)
  2 thrashing horrors (Swamp:4)
  12 deep troll earth magi
  The ghost of NihilVerum the Covert, a novice OpAs of Ru (Lair:1)
  Sonja (D:11)
  3 sixfirhies
  3 iron trolls (Depths:4)
  7 deep elf knights
  7 hell knights
  3 shadow wraiths
  A skeletal warrior (D:12)
  A fire crab (shapeshifter) (Depths:3)
  An unseen horror (D:15)
  A spriggan druid (Swamp:3)
  A death drake (shapeshifter) (Vaults:5)
  6 flayed ghosts
  7 wizards
  A shadow demon (Depths:3)
  3 shambling mangroves
  10 swamp dragons
  5 deep elf archers
  A glowing orange brain (shapeshifter) (Depths:4)
  6 glowing orange brains
  57 deep trolls
  3 phantasmal warriors
  19 ironbrand convokers
  An obsidian statue (Zot:5)
  5 necromancers
  A wolf spider zombie (D:15)
  A lindwurm (shapeshifter) (Depths:5)
  9 orc knights
  A harpy (shapeshifter) (Vaults:1)
  2 orange crystal statues (Abyss:3)
  29 wolf spiders
  A tengu skeleton (Vaults:5)
  A mana viper (shapeshifter) (Depths:3)
  13 orb spiders
  2 large abominations
  17 deep elf magi
  5 cyclopes
  32 ugly things
  12 orc sorcerers
  3 manticores
  A worldbinder (Abyss:3)
  22 moths of wrath
  A manticore (shapeshifter) (Vaults:1)
  A shadow dragon skeleton (Vaults:5)
  A salamander (shapeshifter) (Vaults:2)
  10 elephants (Lair:5)
  6 black mambas
  A fire giant zombie (Vaults:3)
  A human skeleton (Vaults:5)
  A rust devil (Depths:5)
  4 centaur skeletons
  2 smoke demons
  An eye of devastation (shapeshifter) (Vaults:2)
  An eye of devastation (Lair:5)
  5 orange demons (Swamp:4)
  4 torpor snails
  A black mamba (shapeshifter) (Depths:3)
  A water nymph (shapeshifter) (Depths:1)
  2 guardian serpents (shapeshifter)
  15 vault sentinels
  16 spiny frogs
  A hellion (Depths:5)
  10 demonic crawlers
  3 efreet
  8 komodo dragons
  2 rime drakes (Lair:6)
  A komodo dragon (shapeshifter) (Depths:4)
  79 yaktaurs
  A red devil (Depths:5)
  2 tengu conjurers
  11 freezing wraiths
  A harpy zombie (D:12)
  A queen bee (shapeshifter) (Depths:2)
  19 jumping spiders
  A troll (shapeshifter) (Vaults:2)
  11 tyrant leeches
  28 hornets
  A jumping spider (shapeshifter) (Vaults:3)
  2 trolls (Vaults:4)
  62 slime creatures
  3 polar bears
  14 blink frogs
  2 blink frogs (shapeshifter)
  A hornet (shapeshifter) (Depths:3)
  2 dream sheep (Lair:6)
  5 hippogriffs
  10 bog bodies
  56 redbacks
  A spriggan (shapeshifter) (Vaults:1)
  3 shadows
  15 spriggans
  9 wraiths
  23 tarantellas
  2 ynoxinuls
  7 water elementals (Depths:3)
  5 wyverns
  20 humans (D:14)
  2 basilisks
  34 yaks
  5 neqoxecs (Abyss:3)
  8 vampire mosquitoes
  Grum (D:10)
  4 steam dragons
  5 hungry ghosts
  7 wargs
  An acid dragon (D:15)
  Menkaure (D:7)
  5 soldier ants (Lair:3)
  11 insubstantial wisps
  18 swamp worms
  A water moccasin (shapeshifter) (Vaults:5)
  Duvessa (D:4)
  10 porcupines
  10 water moccasins
  2 swamp drakes
  3 floating eyes
  A deep troll skeleton (Vaults:3)
  21 orc warriors
  6 black bears
  5 ice beasts
  5 sky beasts
  An elf zombie (Vaults:3)
  2 phantoms
  36 ogres
  15 boggarts
  3 eyes of draining
  21 wolves
  23 centaurs
  8 crocodiles
  3 big kobolds
  12 bullfrogs
  2 gnoll sergeants
  A wyvern zombie (D:9)
  Dowan (D:5)
  A wyvern skeleton (D:13)
  4 scorpions
  A killer bee (D:9)
  6 howler monkeys
  17 wights
  An electric eel (Lair:6)
  9 crimson imps
  A bullfrog zombie (D:7)
  3 centaur zombies
  A quasit (D:9)
  4 human simulacra
  A bullfrog skeleton (D:7)
  17 hounds
  3 jellies
  18 orc priests
  A gnoll shaman (D:10)
  4 iguanas
  37 orc wizards
  35 worker ants
  A mummy (D:5)
  A howler monkey skeleton (D:6)
  A howler monkey zombie (D:7)
  22 gnolls
  14 adders
  4 shadow imps
  2 oozes
  4 adder zombies
  An adder skeleton (D:6)
  A worm (D:2)
  3 dart slugs
  7 leopard geckos
  109 orcs
  2 ball pythons
  3 bats
  2 bat skeletons (D:2)
  A bat zombie (D:2)
  5 giant cockroaches
  11 goblins
  3 hobgoblins
  17 jackals
  18 kobolds
  7 quokkas
  A ball python skeleton (D:2)
  3 frilled lizards
  A jackal skeleton (D:2)
  2 quokka skeletons
  8 rats
  2 fungi (Lair:4)
  5 plants
2169 creatures vanquished.

Vanquished Creatures (collateral kills)
  An electric golem (Zot:2)
  A death cob (Zot:1)
  A storm dragon (Zot:2)
  A frost giant (Depths:1)
  Aizul (Swamp:2)
  An ironheart preserver (Vaults:4)
  2 very ugly things (Depths:1)
  A vampire knight (Depths:2)
  A black draconian (Zot:1)
  An ettin (Depths:1)
  A rakshasa (Depths:2)
  A two-headed ogre (Vaults:4)
  An ogre mage (Vaults:4)
  A deep troll earth mage (Vaults:4)
  A vampire mage (Depths:2)
  A deep troll (Depths:1)
  3 ugly things
  A guardian serpent (shapeshifter) (Vaults:4)
  2 slime creatures (Depths:1)
  2 ogres (Vaults:4)
  An orc (Vaults:4)
26 creatures vanquished.

Vanquished Creatures (others)
  A draconian knight (Zot:5)
  A rakshasa (Depths:3)
  2 moths of wrath (Zot:5)
  A hornet (Swamp:4)
  An ogre (Depths:3)
  An orc warrior (Vaults:3)
  An orc wizard (Orc:2)
  A bush (Lair:4)
  3 fungi
  16 plants
28 creatures vanquished.

Grand Total: 2223 creatures vanquished
